 Dungeon Crawl Stone Soup version 0.31.0-12-g77e489cdc1 (webtiles) character file.

Game seed: 12943013408397161476

7794 monsoonserge the Skirmisher (level 11, -13/81 HPs)
             Began as a Formicid Hexslinger on Feb 17, 2024.
             Was an Initiate of Gozag.
             Mangled by a two-headed ogre
             ... wielding a +0 giant club
              (21 damage)
             ... on level 11 of the Dungeon.
             The game lasted 00:42:47 (10688 turns).

monsoonserge the Skirmisher (Formicid Hexslinger)  Turns: 10688, Time: 00:42:48

Health: -13/81     AC:  9    Str: 15    XL:     11   Next: 43%
Magic:  13/14      EV: 13    Int: 21    God:    Gozag
Gold:   427        SH:  0    Dex: 23    Spells: 9/14 levels left

rFire   . . .        F - +0 shortbow
rCold   . . .        m - +0 kite shield
rNeg    + + +        Q - +4 leather armour of Pamimosk {rF- rN+++ Regen+}
rPois   +            (helmet unavailable)
rElec   .            M - +0 cloak {rPois}
rCorr   .            L - +0 pair of gloves
SInv    +            (no boots)
Will    .....        (no amulet)
Stlth   +            I - ring of Efupsaupt {rF+ Str+2 Dex+5}
HPRegen 1.13/turn    A - +6 ring of intelligence
MPRegen 0.14/turn

%: no passive effects
@: confused, weak-willed, gold aura, jinxed
A: permanent stasis, dig shafts and tunnels, antennae 3, four strong arms
a: Dig, Shaft Self, Renounce Religion, Potion Petition, Call Merchant, Bribe
Branch


You were on level 11 of the Dungeon.
You worshipped Gozag.
Gozag was aware of your devotion.
You visited 3 branches of the dungeon, and saw 13 of its levels.

You collected 1490 gold pieces.
You spent 480 gold pieces at shops.
You paid 583 gold pieces to Gozag.

Inventory:

Hand Weapons
 F - a +0 shortbow (weapon)
Missiles
 e - 4 datura-tipped darts
 t - 9 atropa-tipped darts
 x - 36 poisoned darts
 y - 4 curare-tipped darts
Armour
 m - a +0 kite shield (worn)
 o - a +0 tower shield
 p - a +0 cloak
 L - a +0 pair of gloves (worn)
 M - a +0 cloak of poison resistance (worn)
 Q - the +4 leather armour of Pamimosk (worn) {rF- rN+++ Regen+}
   (You bought it in a shop on level 10 of the Dungeon)

   rF-:       It makes you vulnerable to fire.
   rN+++:     It renders you almost immune to negative energy.
   Regen+:    It increases your rate of health regeneration.
Magical Staves
 f - a staff of alchemy
 g - a staff of air
Jewellery
 c - a ring of resist corrosion
 q - a ring of willpower
 A - a +6 ring of intelligence (right hand)
 E - a ring of poison resistance
 I - the ring of Efupsaupt (left hand) {rF+ Str+2 Dex+5}
   (You found it on level 6 of the Dungeon)

   [ring of protection from fire]

   Str+2:     It affects your strength (+2).
   Dex+5:     It affects your dexterity (+5).
   rF+:       It protects you from fire.
Wands
 i - a wand of charming (5)
 n - a wand of iceblast (8)
 r - a wand of light (6)
 v - a wand of mindburst (16)
 P - a wand of flame (9)
Scrolls
 a - 2 scrolls of torment {unknown}
 b - 4 scrolls of poison
 k - a scroll of butterflies {unknown}
 s - a scroll of silence {unknown}
 u - 2 scrolls of enchant armour {unknown}
 w - 2 scrolls of noise {unknown}
 z - 3 scrolls of amnesia {unknown}
 B - 2 scrolls of revelation {unknown}
 C - a scroll of enchant weapon {unknown}
 D - 2 scrolls of blinking {unknown}
 G - a scroll of immolation {unknown}
 H - 2 scrolls of teleportation {unknown}
 N - 2 scrolls of fog {unknown}
Potions
 d - 2 potions of heal wounds
 h - a potion of resistance {unknown}
 j - a potion of curing
 l - 2 potions of lignification
 J - a potion of cancellation {unknown}
 K - 3 potions of mutation


   Skills:
 + Level 6.0 Fighting
 + Level 12.1 Ranged Weapons
 - Level 4.0 Armour
 + Level 3.8 Dodging
 + Level 1.0 Stealth
 * Level 8.8 Shields
 - Level 2.0 Spellcasting
 + Level 7.0 Hexes
 - Level 3.0 Fire Magic
 * Level 2.2 Evocations


You had 9 spell levels left.
You knew the following spells:

 Your Spells              Type           Power      Damage    Failure   Level
a - Jinxbite              Hex            62%        N/A       3%          2
b - Inner Flame           Hex/Fire       23%        N/A       16%         3

Your spell library contained the following spells:

 Spells                   Type           Power      Damage    Failure   Level
 Sigil of Binding         Hex            31%        N/A       7%          3
 Foxfire                  Conj/Fire      32%        2x1d5     22%         1
 Cause Fear               Hex            15%        N/A       24%         4
 Magic Dart               Conj           8%         1d3       38%         1
 Call Imp                 Summ           4%         N/A       54%         2
 Anguish                  Hex/Necr       8%         N/A       69%         4
 Dimensional Bullseye     Hex/Tloc       8%         N/A       69%         4
 Yara's Violent Unravell  Hex/Alch       8%         3d5       95%         5
 Plasma Beam              Fire/Air       4%         2x1d14    100%        6
 Starburst                Conj/Fire      4%         6d3       100%        6
 Enfeeble                 Hex            15%        N/A       100%        7
 Blink                    Tloc           Unusable   N/A       N/A         2

Dungeon Overview and Level Annotations

Branches:
Dungeon (10/15)            Temple (1/1) D:6            Lair (1/5) D:10
    Orc (0/2) D:10

Altars:
Ashenzari
Cheibriados
Dithmenos
Elyvilon
Fedhas
Gozag
Hepliaklqana
Kikubaaqudgha
Makhleb
Nemelex Xobeh
Okawaru
Qazlal
Ru
Sif Muna
Trog
Uskayaw
Vehumet
Wu Jian
Xom
Yredelemnul
Zin
The Shining One

Shops:
D:10 [

Annotations:
D:7 1 runed translucent door, Crazy Yiuf
D:9 Jeremiah
D:10 Joseph


Innate Abilities, Weirdness & Mutations

You cannot be hasted, slowed, berserked, paralysed or teleported.
You can dig through walls and to a lower floor.
You have a pair of large antennae on your head. (SInv)
Your four strong arms can wield two-handed weapons with a shield.


Message History

The arrow hits Nergalle but does no damage.
Nergalle is almost dead.
A giggling sprite leaps out and smacks Nergalle with her own hand.
You kill Nergalle!
The spectral orc disappears in a puff of smoke!
The spectral orc warrior disappears in a puff of smoke! x4
The spectral orc disappears in a puff of smoke!
The spectral orc warrior disappears in a puff of smoke! x2
You feel sick. The orc wizard misses you.
You block the two-headed ogre's attack. The two-headed ogre closely misses you.
Your Fighting skill increases to level 6!
Your Hexes skill increases to level 7!
Fire: F) +0 shortbow
Press: ? - help, Q - select action, (/) - cycle Shift-Dir - straight line, f - orc wizard
Aim: an orc wizard, wielding a +0 dagger and wearing a +0 robe (slightly transparent, chance to call a sprite on attack: 61%, 66% to hit)
You shoot an arrow. The arrow hits the orc wizard.
The orc wizard is moderately wounded.
You feel sick.
The orc wizard hits you but does no damage.
The orc barely misses you.
Fire: F) +0 shortbow
Press: ? - help, Q - select action, (/) - cycle Shift-Dir - straight line, f/p - orc wizard
Aim: an orc wizard, wielding a +0 dagger and wearing a +0 robe (purple smoke, moderately wounded, slightly transparent, chance to call a sprite on attack: 61%, 66% to hit)
You shoot an arrow.
The arrow hits the orc wizard but does no damage.
The orc wizard is moderately wounded.
You feel sick.
The two-headed ogre hits you with a +0 giant club!
* * * LOW HITPOINT WARNING * * *
The two-headed ogre hits you with a +0 giant club!
* * * LOW HITPOINT WARNING * * *
The orc misses you. The orc wizard closely misses you.
Okay, then.
You feel better.
The orc wizard gestures at you while chanting.
You are confused.
The orc closely misses you.
The two-headed ogre hits you with a +0 giant club!!
You die...
Your body crumbles into a pile of gold.

... .... #...# ####
#.>..## ###..# .......##
## ##..... ........###.##
#...... ......§.§.^..#
#...... .......o§....#
#....##
........o@...#########..#.
..........O###...#........
.......##.................
.......###..........#.....
........####.........#...#
.#...................#...#
.........#...............#
...(...!##...........###..
.....................####.


You could see a two-headed ogre (blind, unable to see you), an orc wizard
(invisible) and an orc.

Vanquished Creatures
  Nergalle (D:11)
  An unseen horror (D:10)
  A komodo dragon (D:10)
  Grinder (D:3)
  A hornet (D:10)
  Prince Ribbit (D:7)
  A wyvern (D:10)
  A wraith (D:9)
  4 yaks
  5 steam dragons
  3 water moccasins
  4 sky beasts (D:7)
  2 orc warriors
  4 ice beasts
  4 black bears
  2 centaurs
  A phantom (D:6)
  4 kobold brigands
  4 bullfrogs
  3 gnoll sergeants
  5 scorpions
  4 wights (D:7)
  4 killer bees (D:9)
  2 howler monkeys (D:7)
  2 bombardier beetles
  5 hounds
  5 orc priests
  3 sleepcaps
  4 jellies
  Terence (D:2)
  4 iguanas
  7 orc wizards
  17 gnolls
  8 adders
  2 shadow imps
  2 white imps
  2 ufetubi (D:6)
  3 dart slugs
  4 ribbon worms
  21 orcs
  8 ball pythons
  4 bats
  9 endoplasms
  2 giant cockroaches
  7 goblins
  9 hobgoblins
  7 jackals
  14 kobolds
  4 quokkas
  4 rats
221 creatures vanquished.

Notes
Turn   | Place    | Note
-------+----------+-------------------------------------------
     0 | D:1      | monsoonserge the Formicid Hexslinger began the quest for
                  | the Orb.
     0 | D:1      | Reached XP level 1. HP: 15/15 MP: 2/2
    96 | D:1      | Found a faded altar of an unknown god.
   132 | D:1      | Reached XP level 2. HP: 21/21 MP: 3/3
   138 | D:1      | Learned a level 2 spell: Jinxbite
   416 | D:1      | Reached XP level 3. HP: 26/26 MP: 4/4
   506 | D:1      | Reached skill level 3 in Ranged Weapons
   746 | D:2      | Noticed Terence
   768 | D:2      | Killed Terence
   769 | D:2      | Reached XP level 4. HP: 12/32 MP: 5/5
   774 | D:2      | Learned a level 3 spell: Inner Flame
  1020 | D:2      | Reached skill level 4 in Ranged Weapons
  1087 | D:2      | Reached XP level 5. HP: 37/37 MP: 4/7
  1849 | D:3      | Reached skill level 1 in Evocations
  2267 | D:3      | Noticed Grinder
  2304 | D:3      | Killed Grinder
  2305 | D:3      | Reached skill level 5 in Ranged Weapons
  2305 | D:3      | Reached skill level 1 in Armour
  2305 | D:3      | Reached XP level 6. HP: 6/44 MP: 8/8
  2305 | D:3      | Reached XP level 7. HP: 7/49 MP: 9/9
  2475 | D:3      | Identified the +0 robe of Wunk {rN+++ Will- Dex-4 Archmagi}
  2701 | D:3      | Reached skill level 6 in Ranged Weapons
  3098 | D:4      | Noticed a +0 hand axe
  3098 | D:4      | Noticed a +0 dagger
  3099 | D:4      | Found a hide-covered altar of Uskayaw.
  3472 | D:5      | Entered Level 5 of the Dungeon
  3499 | D:5      | Reached XP level 8. HP: 57/57 MP: 7/10
  3535 | D:5      | Found an opulent altar of Gozag.
  3537 | D:5      | Found an ornate altar of the Wu Jian Council.
  3587 | D:5      | Became a worshipper of Gozag Ym Sagoz the Greedy
  3614 | D:5      | Reached skill level 7 in Ranged Weapons
  4495 | D:6      | Reached skill level 8 in Ranged Weapons
  4654 | D:6      | Reached skill level 1 in Shields
  4698 | D:6      | Reached skill level 5 in Hexes
  4698 | D:6      | Reached XP level 9. HP: 64/64 MP: 10/12
  4903 | D:6      | Found a staircase to the Ecumenical Temple.
  4912 | Temple   | Entered the Ecumenical Temple
  5018 | D:6      | Identified the ring of Efupsaupt {rF+ Str+2 Dex+5}
  5115 | D:6      | Reached skill level 9 in Ranged Weapons
  5557 | D:7      | Found a runed translucent door.
  5558 | D:7      | Noticed Crazy Yiuf
  5559 | D:7      | Identified the +12 hammer "Transmigrator" {antimagic, rPois
                  | Str+2}
  5739 | D:7      | Reached skill level 1 in Stealth
  5824 | D:7      | Reached skill level 10 in Ranged Weapons
  5851 | D:7      | Noticed Prince Ribbit
  5862 | D:7      | Killed Prince Ribbit
  5863 | D:7      | Reached skill level 5 in Shields
  5863 | D:7      | Reached XP level 10. HP: 71/71 MP: 11/13
  6961 | D:7      | Found an iron altar of Okawaru.
  6961 | D:7      | Found a broken altar of Ashenzari.
  7233 | D:7      | Reached skill level 11 in Ranged Weapons
  7471 | D:8      | Identified the +9 war axe of Gupi {elec, Int+3}
  7741 | D:8      | Found a sacrificial altar of Ru.
  7741 | D:8      | Found a basalt altar of Yredelemnul.
  7940 | D:8      | Reached skill level 5 in Fighting
  8508 | D:9      | Reached XP level 11. HP: 52/80 MP: 12/14
  9336 | D:9      | Noticed Jeremiah
  9869 | D:10     | Entered Level 10 of the Dungeon
  9921 | D:10     | Noticed Joseph
  9962 | D:10     | Found a staircase to the Orcish Mines.
 10124 | D:10     | Bought a shimmering ring mail for 270 gold pieces
 10124 | D:10     | Identified the +0 ring mail "Kauhi" {rPois rF++ Stlth-}
                  | (You bought it in a shop on level 10 of the Dungeon)
 10129 | D:10     | Bought a bloodstained leather armour for 210 gold pieces
 10129 | D:10     | Identified the +4 leather armour of Pamimosk {rF- rN+++
                  | Regen+} (You bought it in a shop on level 10 of the
                  | Dungeon)
 10333 | D:10     | Found a staircase to the Lair.
 10390 | D:10     | Reached skill level 12 in Ranged Weapons
 10476 | Lair:1   | Entered Level 1 of the Lair of Beasts
 10523 | D:10     | You fall into a shaft and drop 1 floor!
 10604 | D:11     | Noticed a two-headed ogre
 10660 | D:11     | Noticed Nergalle
 10685 | D:11     | Killed Nergalle
 10687 | D:11     | HP: 2/81 [two-headed ogre/+0 giant club (9)]
 10688 | D:11     | Mangled by a two-headed ogre

Illustrated notes

Levels and vault maps discovered:
D:1:      tarquinn_simple_flora_water_f, layout_basic,
          shapermc_ecumenical_altar_mp_ritualfount, minmay_quantized
D:2:      layout_loops_corners, grunt_ministairs_7, uniq_terence
D:3:      layout_basic, uniq_grinder
D:4:      layout_rooms, dancing_weapons_uskayaw
D:5:      layout_loops_ring, mainiacjoe_overflow_catwalk_spiral
D:6:      minmay_inner_zag, layout_cave_pools, minmay_temple_entry_sparse_star,
          kennysheep_generic_room_3
D:7:      minmay_s_stair_smasher, layout_loops_ring,
          gammafunk_temple_overflow_pools, kennysheep_generic_room_7,
          uniq_crazy_yiuf_cottage, uniq_prince_ribbit1
D:8:      layout_cave_pools, nicolae_overflow_two_pavilions,
          minmay_quadrilaterals
D:9:      layout_stronghold, kennysheep_generic_room_9, uniq_jeremiah
D:10:     layout_roguey, david_lair_shrubbed, orc_0_dummy, uniq_joseph
D:11:     layout_cave_pools, gauntlet_entry_generic, serial_shops,
          nicolae_take_the_stairs, uniq_erica, uniq_nergalle
Temple:   eino_wide_crystal_templ
Lair:1:   layout_regular_city, basic_altar, grunt_megastairs_3,
          serial_bayou_shore_a

Skill      XL: |  1  2  3  4  5  6  7  8  9 10 11 |
---------------+----------------------------------+-----
Dodging        | 2 3 |  3.8
Ranged Weapons | 3 4 5 6 8 10 11 12 | 12.1
Evocations     | 1 2 |  2.2
Armour         | 1 2 3 4 |  4.0
Fire Magic     | 2 3 |  3.0
Fighting       | 2 3 4 5 6 |  6.0
Hexes          | 4 5 6 7 |  7.0
Spellcasting   | 2 |  2.0
Shields        | 1 5 7 8 |  8.8
Stealth        | 1 |  1.0

Action                     |  1- 3 |  4- 6 |  7- 9 | 10-12 || total
---------------------------+-------+-------+-------+-------++-------
   Fire: Sling             |    97 |   132 |   190 |       ||   419
         Shortbow          |       |       |   234 |   426 ||   660
   Cast: Jinxbite          |     3 |     2 |    33 |    46 ||    84
         Inner Flame       |       |       |       |     2 ||     2
 Invoke: Call Merchant     |       |       |       |     1 ||     1
Ability: Shaft Self        |       |       |       |     1 ||     1
  Evoke: Wand              |       |     1 |       |     4 ||     5
    Use: Scroll            |       |       |       |     6 ||     6
         Potion            |       |       |       |     3 ||     3
 Armour: Robe              |    22 |    13 |       |       ||    35
         Leather armour    |       |    14 |   164 |   146 ||   324
  Dodge: Dodged            |    38 |    28 |   147 |   111 ||   324
  Block: Kite shield       |       |       |   113 |   211 ||   324
